Map: Pillars of Gold LE

Players

Epic

  • Race: Terran Terran
  • League: Grandmaster
  • Spawn Location: 1:00

MaSa - Winner!

  • Race: Terran Terran
  • League: Master
  • Spawn Location: 7:00

Event: DreamHack SC2 Masters 2020 Winter

VOD

Have the link to the VOD?

Description

Time

  • Played on: Oct. 17, 2020, 8:47 p.m.
  • Length: 11:25

All games in this series

Show
View Real Time Build Order
Export as new Build Order

Epic Terran 

Build Orders:  

Get SALT Encoding   

  12  0:00  SCV  
  13  0:12  SCV  
  14  0:17  Supply Depot  
  14  0:24  SCV  
  15  0:39  SCV  
  15  0:40  Barracks  
  16  0:44  Refinery  
  16  0:52  SCV  
  16  0:55  Refinery  
  17  1:04  SCV  
  18  1:16  SCV  
  19  1:27  Reaper  
  19  1:29  Orbital Command  
  20  1:33  Supply Depot  
  20  1:48  Factory  
  21  1:54  SCV  
  21  1:59  Reaper  
  22  2:06  SCV  
  23  2:18  SCV  
  24  2:30  SCV  
  24  2:31  Reaper  
  24  2:32  Hellion  
  28  2:42  SCV  
  27  2:44  Supply Depot  
  27  2:50  Command Center  
  27  2:54  Factory Tech Lab  
  27  2:55  SCV  
  28  3:03  Barracks Reactor  
  28  3:07  SCV  
  28  3:12  Cyclone  
  32  3:17  Starport  
  32  3:20  SCV  
  33  3:28  Supply Depot  
  33  3:33  SCV  
  34  3:39  Marine x2  
  36  3:45  SCV, Widow Mine  
  39  3:54  Medivac  
  41  3:57  SCV, Marine x2  
  44  4:02  Orbital Command  
  44  4:09  SCV  
  45  4:11  Siege Tank  
  45  4:15  Marine x2  
  50  4:20  Supply Depot  
  49  4:29  SCV x2  
  49  4:34  Marine  
  49  4:35  Marine  
  51  4:41  Starport Tech Lab  
  52  4:45  SCV x2  
  52  4:49  Factory Tech Lab  
  52  4:51  Raven  
  55  4:54  Command Center  
  55  4:58  SCV x2  
  57  5:00  Marine x2  
  57  5:06  Refinery  
  59  5:10  SCV x2, Siege Tank  
  64  5:21  Marine x2  
  56  5:22  SCV x2  
  58  5:35  SCV x2  
  58  5:37  Refinery  
  59  5:43  Siege Tank  
  59  5:45  Viking x2  
  59  5:47  SCV x2  
  59  5:48  Supply Depot  
  68  5:54  Marine  
  69  5:57  Engineering Bay  
  69  5:59  Stimpack  
  69  6:00  SCV  
  69  6:01  Engineering Bay  
  69  6:04  Supply Depot  
  70  6:05  Orbital Command  
  70  6:06  SCV  
  71  6:15  Viking x2  
  71  6:17  SCV  
  71  6:18  SCV  
  76  6:23  Siege Tank  
  78  6:37  Marine  
  78  6:38  SCV x3  
  82  6:41  Terran Infantry Weapons Level 1  
  79  6:48  Viking  
  79  6:49  Barracks  
  81  6:57  Barracks  
  81  6:58  SCV, Barracks, Liberator  
  81  6:59  SCV  
  86  7:03  Orbital Command  
  86  7:06  Marine  
  83  7:12  Siege Tank  
  83  7:14  SCV  
  83  7:15  SCV  
  88  7:18  Viking  
  90  7:22  Supply Depot  
  90  7:23  Supply Depot  
  90  7:28  Marine, Terran Infantry Armor Level 1  
  91  7:31  SCV x3  
  91  7:33  Barracks  
  94  7:38  Supply Depot x2  
  94  7:48  Viking, Siege Tank  
  94  7:51  SCV x3  
  84  7:53  Barracks Reactor  
  84  7:55  Barracks Reactor x2  
  83  8:01  Marine  
  80  8:06  SCV x3  
  80  8:08  Refinery x2  
  80  8:11  Viking, Supply Depot  
  85  8:19  Marine  
  86  8:21  SCV x3  
  86  8:23  Barracks Reactor  
  86  8:24  Siege Tank  
  92  8:31  Medivac  
  94  8:37  Supply Depot, Marine  
  94  8:38  Marine x5  
  94  8:39  Marine  
  94  8:40  Supply Depot  
  98  8:41  Medivac  
  98  8:42  Combat Shield  
  100  8:53  Armory  
  100  8:55  Missile Turret, Marine  
  101  8:57  Missile Turret, Siege Tank  
  101  8:58  Marine x4  
  101  9:00  Marine x2  
  109  9:03  Marine  
  109  9:04  Marine  
  111  9:11  Medivac x2  
  111  9:13  Marine  
  111  9:15  Marine  
  111  9:16  Marine x3  
  120  9:18  Marine x2  
  120  9:21  Marine x2  
  123  9:31  Marine  
  117  9:33  Marine x4, Siege Tank  
  117  9:36  Marine x2  
  124  9:43  Medivac x2  
  124  9:44  Marine x2  
  124  9:48  Marine  
  124  9:51  Marine x4  
  128  9:54  Marine x2  
  130  10:00  Factory  
  130  10:01  Orbital Command, Marine  
  130  10:05  Marine  
  130  10:06  Marine  
  133  10:09  Marine x2  
  133  10:16  Marine x3  
  133  10:19  Marine  
  138  10:23  Marine  
  138  10:24  Marine  
  138  10:27  Marine  
  141  10:34  Marine, Siege Tank  
  131  10:38  Marine  
  131  10:39  Marine x2  
  131  10:41  Marine  
  131  10:42  Marine  
  107  10:43  Medivac  
  107  10:44  Medivac, Marine  
  93  10:52  Marine  
  93  10:55  Refinery x2  
  93  10:56  Marine  
  95  10:59  Marine  
  95  11:00  Marine  
  95  11:02  SCV x3, Marine  
  107  11:14  Supply Depot  
Show
View Real Time Build Order
Export as new Build Order

MaSa Terran - Winner!

Build Orders:  

Get SALT Encoding   

  12  0:00  SCV  
  13  0:12  SCV  
  14  0:17  Supply Depot  
  14  0:24  SCV  
  15  0:39  SCV  
  15  0:41  Barracks  
  16  0:45  Refinery  
  16  0:51  SCV  
  16  0:54  Refinery  
  17  1:03  SCV  
  18  1:15  SCV  
  19  1:27  Reaper  
  19  1:28  Orbital Command  
  20  1:42  Factory  
  20  1:46  Supply Depot  
  20  1:53  SCV  
  21  2:00  Reaper  
  22  2:05  SCV  
  23  2:18  SCV  
  23  2:22  Command Center  
  24  2:27  Hellion  
  25  2:31  SCV  
  25  2:36  Reaper  
  27  2:45  Supply Depot  
  27  2:46  Starport  
  27  2:50  SCV  
  28  2:54  Hellion  
  30  3:05  SCV  
  31  3:09  Barracks Reactor  
  31  3:17  SCV  
  31  3:19  Factory Tech Lab  
  32  3:23  Starport Tech Lab  
  32  3:29  SCV  
  32  3:32  Refinery  
  33  3:38  Cyclone  
  33  3:41  SCV, Orbital Command  
  37  3:45  Marine x2  
  39  3:53  SCV  
  40  4:03  Raven, Marine x2  
  40  4:05  SCV  
  40  4:06  SCV  
  46  4:17  SCV  
  46  4:18  SCV, Siege Tank  
  51  4:29  SCV  
  51  4:31  SCV, Marine x2  
  51  4:34  Supply Depot  
  52  4:40  Supply Depot  
  52  4:41  SCV  
  52  4:43  SCV  
  54  4:56  SCV x2, Raven, Marine x2  
  54  4:57  Supply Depot  
  60  5:02  Siege Tank  
  63  5:08  SCV  
  63  5:11  Command Center  
  62  5:21  SCV x2  
  62  5:23  Marine x2  
  66  5:33  SCV x2, Refinery  
  68  5:39  Barracks  
  68  5:40  Barracks  
  68  5:44  Siege Tank  
  68  5:45  SCV  
  68  5:49  SCV  
  73  5:53  Viking x2  
  77  5:57  Stimpack  
  77  5:58  SCV  
  77  6:03  Supply Depot  
  78  6:06  Supply Depot  
  78  6:22  SCV x2, Marine, Siege Tank  
  78  6:25  Viking x2  
  81  6:40  SCV  
  81  6:44  Barracks Reactor, Orbital Command  
  81  6:45  Barracks Reactor  
  77  6:47  SCV  
  77  6:50  Engineering Bay  
  78  6:54  Siege Tank  
  78  6:55  Engineering Bay  
  81  7:05  SCV x2  
  81  7:08  Marine  
  81  7:10  Viking, Orbital Command  
  81  7:13  Barracks  
  81  7:15  Barracks  
  84  7:16  Supply Depot  
  84  7:17  SCV  
  84  7:21  Terran Infantry Weapons Level 1, Terran Infantry Armor Level 1  
  85  7:26  Viking, Marine  
  85  7:28  Supply Depot  
  89  7:30  SCV  
  89  7:33  SCV  
  89  7:35  SCV  
  89  7:36  Marine x2  
  93  7:39  Combat Shield  
  93  7:42  SCV  
  93  7:46  SCV  
  93  7:49  SCV  
  86  7:54  SCV, Marine x4  
  86  7:55  Marine, Siege Tank  
  94  7:59  SCV  
  94  8:02  SCV, Medivac x2  
  94  8:05  Barracks Reactor  
  98  8:06  Barracks Reactor, SCV  
  98  8:08  Refinery  
  98  8:11  SCV  
  98  8:12  Marine x3  
  102  8:14  SCV  
  102  8:18  SCV, Marine  
  102  8:19  Supply Depot  
  106  8:20  Supply Depot  
  106  8:23  Armory, SCV  
  106  8:26  SCV, Marine  
  109  8:30  Marine x2  
  109  8:31  Marine  
  112  8:35  SCV  
  112  8:36  Marine  
  112  8:41  SCV x2  
  110  8:43  Marine  
  110  8:44  Marine x3  
  110  8:45  Siege Tank  
  110  8:47  SCV, Medivac  
  110  8:48  Medivac, Marine x2  
  123  8:52  Marine  
  123  8:54  Sensor Tower  
  126  8:56  SCV x2  
  126  8:59  SCV  
  126  9:01  Marine x3  
  131  9:05  Factory  
  131  9:08  Barracks Reactor  
  131  9:13  Marine x4  
  131  9:15  SCV, Command Center  
  136  9:28  Marine x4  
  136  9:30  Marine  
  141  9:39  SCV  
  141  9:40  SCV, Marine  
  141  9:41  Marine  
  141  9:47  Supply Depot x4  
  141  10:08  Viking x2, SCV, Marine x3, Siege Tank x2  
  141  10:14  Marine x3  
  158  10:23  Marine x4  
  158  10:26  Marine x2  
  158  10:27  Marine  
  158  10:28  SCV  
  166  10:32  Marine  
  164  10:40  Siege Tank x2  
  164  10:41  Marine x3  
  164  10:42  Medivac  
  168  10:44  SCV  
  168  10:47  Viking  
  155  10:53  Marine x5  
  160  10:58  SCV, Refinery  
  160  10:59  SCV x2, Refinery  
  160  11:00  Refinery  
Tags
 
Add a new tag
Caveats
  • Supply blocks, unpowered buildings, or Contaminate may cause inaccurate times.
  • Supply counts are checked every 10 seconds.